 Dungeon Crawl Stone Soup version 0.20.1-1-g8b1a95d (webtiles) character file.

169 Jazqa the Skirmisher (level 5, -5/51 HPs)
             Began as a Minotaur Fighter on Oct 23, 2017.
             Slain by an ogre
             ... wielding a +0 giant spiked club
              (26 damage)
             ... on level 4 of the Dungeon.
             The game lasted 00:04:17 (2273 turns).

Jazqa the Skirmisher (Minotaur Fighter)             Turns: 2273, Time: 00:04:18

Health: -5/51      AC:  6    Str: 21    XL:     5   Next: 25%
Magic:  13/13      EV:  7    Int:  5    God:
Gold:   149        SH:  8    Dex: 10    Spells: 4/4 levels left

rFire    x . .     SeeInvis .   d - +2 flail (crush)
rCold    + . .     Gourm    .   c - +0 shield
rNeg     . . .     Faith    .   b - +0 scale mail
rPois    .         Spirit   .   (helmet restricted)
rElec    .         Reflect  .   (no cloak)
rCorr    .         Harm     .   (no gloves)
MR       .....                  (no boots)
Stlth    ..........             (no amulet)
Regen    0.2/turn               q - ring of ice
MPRegen  0.2/turn               h - ring of magical power

@: lethally poisoned (-5 -> -8), heavily drained
A: retaliatory headbutt, horns 2
a: no special abilities


You were on level 4 of the Dungeon.
You were not hungry.

You visited 1 branch of the dungeon, and saw 4 of its levels.

You collected 149 gold pieces.

Inventory:

Hand Weapons
 d - a +2 flail of crushing (weapon)
 k - a +0 mace of protection
Armour
 b - a +0 scale mail (worn)
 c - a +0 shield (worn)
Jewellery
 h - a ring of magical power (right hand)
 q - a ring of ice (left hand)
 s - an uncursed amulet of harm
 x - an uncursed ring of magical power
Wands
 y - a wand of random effects (28/48)
Scrolls
 e - 3 scrolls of identify
 m - a scroll of magic mapping
 p - a scroll of recharging
Potions
 i - a potion of curing
 j - 2 potions of magic
 u - a potion of invisibility {unknown}
 v - a potion of flight {unknown}
 w - a potion of lignification {unknown}
Comestibles
 a - 6 royal jellies
 f - 5 bread rations
 g - a chunk of flesh
 r - a meat ration


   Skills:
 - Level 6.7(5.3) Fighting
 + Level 3.5(2.2) Maces & Flails
 - Level 3.6(2.3) Armour
 - Level 3.6(2.3) Shields


You had 4 spell levels left.
You didn't know any spells.

Dungeon Overview and Level Annotations

Branches:
Dungeon (4/15)
 Temple: D:4-7

Altars:

Annotations:
D:4 ceb's ghost, amateur DsHu


Innate Abilities, Weirdness & Mutations

You reflexively headbutt those who attack you in melee.
You have a pair of horns on your head.


Message History

You feel sick. The worker ant bites you.
You are more poisoned.
The worker ant poisons you! The worker ant barely misses you.
You feel sick.
You hit the worker ant.
You kill the worker ant!
You feel sick.
You feel sick.
You feel sick.
You feel sick.
The ogre hits you with a giant spiked club!
You feel sick.
You feel sick.
You see here a flail.
You feel sick.
A quokka comes into view.
You closely miss the quokka.
You feel sick.
The ogre hits you with a giant spiked club!!
Ouch! That really hurt!
You die...

*########..########).....#***,*
#....## #.....O.# *,*
#.....#####.####.,****,*
###....##...# **,,,,,,*
##.#.....##* *****,,,
#.####....# *,*, #....##.#.#*
*,,, ##)#.##....#********,
#.O@.###....,,,,,,,, ####r#
*#....,,,,,,, *.# *.#..,,,,,,,
*.#* *>!,,,,,,,,, *..*
**,,,,,,,,,, *..* *,********,
**#.#***,**** *,
**,,..,**,,,,**###*
**,,,,,,,****,,,..,,


You could see an ogre and a quokka.

Vanquished Creatures
  A worker ant (D:4)
  4 gnolls (D:2)
  An adder (D:3)
  2 oozes
  2 worms
  5 dart slugs
  2 leopard geckos
  A ball python (D:3)
  6 bats
  3 giant cockroaches
  9 hobgoblins
  8 jackals
  7 kobolds
  3 frilled lizards
  6 goblins
  11 rats
71 creatures vanquished.

Notes
Turn   | Place    | Note
-------+----------+-------------------------------------------
     0 | D:1      | Jazqa the Minotaur Fighter began the quest for the Orb.
     0 | D:1      | Reached XP level 1. HP: 19/19 MP: 0/0
    18 | D:1      | Reached skill level 4 in Fighting
    83 | D:1      | Reached XP level 2. HP: 20/27 MP: 1/1
   321 | D:1      | Reached skill level 5 in Fighting
   405 | D:1      | Reached XP level 3. HP: 36/36 MP: 2/2
   831 | D:2      | Reached skill level 6 in Fighting
   831 | D:2      | Reached XP level 4. HP: 40/44 MP: 3/3
  1338 | D:3      | Reached XP level 5. HP: 51/51 MP: 4/4
  1566 | D:4      | Noticed an ogre
  1582 | D:4      | Noticed ceb's ghost (amateur DsHu)
  1815 | D:4      | Noticed an ogre
  1815 | D:4      | Noticed a phantom
  2254 | D:4      | Noticed an ogre
  2273 | D:4      | Slain by an ogre

Skill      XL: |  1  2  3  4  5 |
---------------+----------------+-----
Fighting       | 4 5 6 |  6.7
Maces & Flails | 3 |  3.5
Armour         | |  3.6
Shields        | |  3.6

Action                   |  1- 3 |  4- 6 || total
-------------------------+-------+-------++-------
Melee: Flail             |    34 |    41 ||    75
       Headbutt          |    12 |    12 ||    24
       Mace              |    54 |    36 ||    90
  Use: Scroll            |     3 |     7 ||    10
       Potion            |     1 |     1 ||     2
  Eat: Chunk             |       |     5 ||     5
Armor: Scale mail        |    62 |    57 ||   119
Dodge: Dodged            |    26 |    35 ||    61
Block: Shield            |    49 |    44 ||    93
